Map: Orbital Shipyard

Players

LilDicky - Winner!

  • Race: Terran Terran
  • League: Diamond

JordanSbeck

  • Race: Zerg Zerg
  • League: Platinum

VOD

http://www.twitch.tv/tumescentpie

Description

Time

  • Played on: Dec. 26, 2015, 4:57 p.m.
  • Length: 33:58
Show
View Real Time Build Order
Export as new Build Order

LilDicky Terran - Winner!

Build Orders: Command Center First (CC), Hellion Banshee, Mech 

Get SALT Encoding   

  12  0:01  SCV  
  13  0:13  SCV  
  14  0:18  Supply Depot  
  14  0:26  SCV  
  15  0:39  SCV  
  16  0:51  SCV  
  17  1:01  Command Center  
  17  1:06  SCV  
  18  1:15  Barracks  
  18  1:20  SCV  
  19  1:26  Refinery  
  19  1:29  Refinery  
  19  1:32  SCV  
  20  1:44  SCV  
  21  2:02  Marine  
  21  2:03  Supply Depot, Orbital Command  
  22  2:12  Orbital Command  
  23  2:24  Barracks Reactor  
  23  2:28  Factory  
  22  2:30  SCV  
  23  2:39  SCV  
  23  2:42  SCV  
  25  2:51  SCV  
  25  2:54  SCV  
  27  3:03  SCV  
  30  3:08  SCV  
  29  3:15  Starport  
  29  3:19  Hellion x2  
  33  3:20  SCV, Barracks Tech Lab  
  33  3:21  SCV  
  33  3:24  Supply Depot  
  35  3:32  SCV  
  35  3:33  SCV  
  37  3:40  Hellion x2  
  41  3:44  SCV  
  41  3:45  SCV  
  43  3:49  Supply Depot  
  43  3:50  Supply Depot, Marine  
  44  3:58  Banshee, Cloaking Field  
  44  4:02  SCV, Armory  
  48  4:04  Hellion  
  48  4:05  Hellion  
  48  4:08  SCV  
  53  4:12  Barracks Tech Lab  
  53  4:14  SCV  
  54  4:20  SCV  
  55  4:25  Hellion  
  55  4:26  Hellion  
  59  4:35  SCV x2  
  61  4:41  Banshee  
  64  4:47  SCV  
  64  4:48  SCV  
  64  4:50  Command Center  
  66  4:53  Factory  
  66  4:57  Hellion x2  
  60  5:40  Hellion  
  60  5:41  Hellion  
  54  6:01  SCV, Hellion  
  54  6:02  Hellion, Siege Tank  
  54  6:03  Orbital Command  
  62  6:10  SCV  
  62  6:11  Factory  
  63  6:13  Factory, Refinery  
  63  6:17  Refinery  
  63  6:36  Banshee  
  63  6:38  Siege Tank  
  63  6:39  Hellion x2  
  73  6:48  SCV x2  
  73  6:54  SCV  
  76  7:00  SCV x2, Hellion x2  
  82  7:06  SCV  
  80  7:10  Siege Tank  
  80  7:15  SCV x2  
  85  7:21  Orbital Command  
  85  7:27  Factory Tech Lab  
  85  7:28  Factory Tech Lab  
  85  7:30  Supply Depot  
  85  7:31  Supply Depot  
  85  7:32  SCV, Hellion  
  85  7:52  Banshee, Siege Tank, SCV x3  
  85  7:53  Hellion  
  90  8:10  Hellion  
  92  8:13  Marine  
  92  8:14  Hellion  
  92  8:16  Refinery  
  92  8:17  Refinery  
  95  8:21  Factory  
  95  8:22  Terran Vehicle And Ship Armor Level 1  
  95  8:23  Factory x2  
  95  8:24  Siege Tank  
  98  8:27  Command Center  
  98  8:32  SCV x2  
  98  8:33  SCV  
  101  8:43  Engineering Bay  
  101  8:44  Supply Depot  
  101  8:46  Supply Depot x2  
  101  8:48  Supply Depot  
  101  8:51  Liberator  
  101  8:52  SCV x3  
  101  8:53  Siege Tank  
  107  9:04  SCV  
  107  9:06  Siege Tank x2  
  107  9:07  Supply Depot  
  107  9:08  Supply Depot  
  117  9:12  Factory Reactor x3, Fusion Core  
  114  9:18  Hellion x2  
  114  9:19  Marine  
  119  9:25  Siege Tank  
  123  9:31  SCV x2  
  123  9:32  SCV  
  127  9:38  Hellion  
  127  9:39  SCV, Hellion  
  127  9:40  Missile Turret  
  127  9:41  Missile Turret  
  127  9:42  Missile Turret  
  127  9:43  SCV x2, Hellbat  
  127  9:44  Hellbat  
  136  9:55  SCV  
  137  10:00  Orbital Command  
  137  10:02  SCV  
  137  10:03  SCV  
  139  10:08  Missile Turret  
  139  10:10  Missile Turret  
  139  10:11  Missile Turret  
  139  10:20  Hellion  
  139  10:21  Hellion x3, Siege Tank x3  
  148  10:22  Banshee  
  148  10:23  SCV  
  148  10:24  SCV  
  153  10:34  Hellion x4, Starport  
  161  10:37  Terran Vehicle And Ship Armor Level 2, Starport  
  161  10:42  SCV x2, Hellion x3  
  169  10:43  Armory  
  169  10:47  Command Center  
  169  10:48  Command Center, Missile Turret  
  169  10:49  Supply Depot  
  169  10:50  Supply Depot  
  156  11:53  Thor  
  156  11:54  Thor x2, Widow Mine x4  
  136  12:04  Orbital Command x2  
  136  12:07  Missile Turret  
  136  12:08  Missile Turret, Starport Reactor x2  
  133  12:10  Missile Turret  
  133  12:11  Battlecruiser  
  119  12:31  Missile Turret  
  119  12:36  Thor x2  
  131  12:40  Thor, Missile Turret  
  131  12:41  Widow Mine x4  
  131  12:42  Missile Turret  
  142  12:54  Hellion  
  142  12:55  SCV, Hellion x3  
  148  13:10  Hellion  
  150  13:15  Missile Turret  
  150  13:16  Missile Turret  
  150  13:19  Thor  
  142  13:21  Missile Turret, Liberator x4  
  142  13:23  Missile Turret  
  142  13:24  Missile Turret  
  142  13:27  Missile Turret x2  
  139  13:29  Liberator  
  139  13:34  Command Center  
  139  13:37  Missile Turret  
  139  13:38  Missile Turret  
  139  14:16  Missile Turret  
  139  14:17  Missile Turret x2  
  139  14:18  Missile Turret x3  
  139  14:21  Missile Turret  
  139  14:23  Missile Turret  
  139  14:25  Missile Turret  
  139  14:40  Missile Turret  
  139  14:41  Missile Turret  
  139  14:42  Missile Turret  
  139  14:48  Planetary Fortress  
  139  14:52  Missile Turret  
  102  15:24  Thor x2  
  102  15:25  Hellion x4  
  102  15:39  Hellion x4  
  108  15:51  Banshee  
  111  16:04  Refinery x2  
  111  16:08  Command Center  
  109  16:34  Banshee  
  71  17:16  Hellion x2  
  71  17:17  Banshee, Hellion x8  
  71  17:18  Hellion  
  96  17:23  Orbital Command  
  96  17:24  Command Center  
  96  17:30  Refinery  
  96  17:32  Missile Turret  
  96  17:35  Refinery  
  96  17:38  Hellion x2  
  96  17:39  Thor x3  
  96  17:41  Hellion x5  
  96  17:42  Hellion  
  96  17:43  SCV x2  
  132  17:51  Supply Depot x3  
  132  17:59  Hellion x2, Refinery  
  132  18:02  Refinery  
  134  18:22  Thor x2  
  88  19:02  Liberator x2  
  88  19:03  Liberator x2  
  88  19:09  Hellion x5  
  99  19:10  Hellion x4  
  103  19:18  Hellion x2  
  119  19:30  Hellion  
  121  19:37  Refinery  
  167  19:45  Liberator x2  
  121  19:46  Liberator  
  121  19:48  Missile Turret  
  121  19:52  Missile Turret  
  121  19:54  Thor x2  
  121  19:56  Hellion, Hellbat x2  
  121  19:57  Hellion, Hellbat x4  
  149  20:00  Hellion x2  
  150  20:20  Hellion x3  
  155  20:24  Infernal Pre-Igniter  
  155  20:47  Missile Turret  
  151  21:05  Hellion x4  
  159  21:11  Terran Vehicle And Ship Armor Level 3  
  159  21:12  Command Center  
  159  21:13  Terran Vehicle Weapons Level 1  
  116  22:23  Marine  
  116  22:25  Thor x3, Hellion x2  
  116  22:26  Hellion x2  
  116  22:27  Hellion  
  136  22:41  Marine  
  119  22:59  Hellion x2, Marine  
  124  23:08  Siege Tank x2  
  115  23:36  Hellion x2  
  115  23:37  Hellion  
  96  24:08  Orbital Command  
  61  24:54  Hellion x2  
  61  24:55  Hellion x7  
  64  25:07  Banshee  
  64  25:09  Starport Tech Lab  
  59  25:31  Liberator x2  
  58  25:45  Thor x3  
  58  25:46  Banshee  
  87  25:50  Banshee, Hellion x2  
  87  25:52  Hellion x6  
  100  26:28  Thor x3  
  118  26:32  Command Center  
  118  26:33  Missile Turret  
  118  26:34  Missile Turret  
  114  26:43  Widow Mine  
  114  26:44  Hellion x2, Widow Mine x5  
  126  26:51  Missile Turret  
  126  26:52  Orbital Command  
  126  27:04  Widow Mine  
  126  27:06  Missile Turret  
  126  27:08  Missile Turret  
  126  27:10  Thor  
  126  27:15  Hellion x3, Widow Mine  
  132  27:50  Hellion x4  
  132  28:42  Banshee x2  
  132  28:44  Thor  
  132  28:45  Hellion x2  
  132  28:46  Hellion x5, Siege Tank x2  
  160  29:25  Banshee  
  149  30:06  Orbital Command  
  99  30:41  Battlecruiser, Viking  
  99  30:42  Viking x2  
  111  30:46  SCV  
  112  31:00  Refinery  
  112  31:02  Missile Turret  
  112  31:03  Refinery  
  112  31:11  Viking  
  95  31:47  Siege Tank x3  
  95  31:48  Hellion x3  
  95  31:49  Battlecruiser x2  
  83  32:29  Viking  
  274  32:30  Hellion, Viking  
  73  32:31  Hellion x2, Orbital Command  
  69  33:07  Hellion x3  
  75  33:22  Refinery  
  75  33:26  Refinery  
Show
View Real Time Build Order
Export as new Build Order

JordanSbeck Zerg 

Build Orders: Pool First 

Get SALT Encoding   

  12  0:02  Drone  
  13  0:15  Drone  
  14  0:32  Spawning Pool  
  14  0:34  Drone  
  14  0:35  Drone, Extractor  
  14  1:03  Hatchery  
  13  1:08  Drone  
  14  1:14  Overlord  
  14  1:32  Queen  
  14  1:35  Drone  
  14  1:39  Drone  
  18  1:43  Zergling x2  
  19  1:54  Zergling x2  
  19  1:57  Metabolic Boost  
  20  2:13  Drone x2  
  22  2:16  Drone  
  22  2:21  Queen  
  25  2:26  Drone  
  25  2:28  Drone  
  27  2:37  Drone  
  27  2:39  Overlord  
  28  2:51  Baneling Nest  
  27  2:52  Overlord  
  27  3:03  Drone x3  
  27  3:04  Drone  
  31  3:07  Drone  
  32  3:24  Overlord  
  32  3:27  Drone  
  32  3:29  Roach Warren  
  32  3:30  Drone x2  
  32  3:32  Drone  
  32  3:33  Drone  
  36  3:36  Drone  
  37  3:56  Drone x2  
  37  3:57  Drone x2  
  37  3:59  Drone x4  
  37  4:02  Drone x2  
  47  4:03  Drone  
  47  4:07  Drone  
  49  4:13  Overlord  
  49  4:21  Extractor  
  49  4:22  Extractor  
  49  4:23  Roach  
  49  4:24  Roach  
  51  4:28  Overlord  
  51  4:29  Overlord x3  
  51  4:33  Roach x3  
  56  4:42  Lair  
  56  4:43  Pneumatized Carapace  
  56  4:45  Roach  
  58  4:46  Roach  
  60  5:06  Drone x4  
  64  5:13  Roach x6  
  63  5:30  Spore Crawler  
  57  5:37  Queen  
  54  5:56  Spore Crawler  
  50  6:00  Drone x2  
  50  6:01  Drone  
  50  6:02  Drone x4  
  54  6:12  Queen  
  54  6:13  Roach  
  54  6:14  Roach x3  
  61  6:24  Overseer  
  59  6:27  Spore Crawler, Extractor  
  53  6:41  Queen  
  55  6:54  Spore Crawler  
  54  7:14  Queen  
  54  7:21  Roach Warren  
  53  7:30  Drone x2  
  53  7:31  Drone x2  
  53  7:34  Drone x3  
  59  7:38  Drone x3  
  62  7:46  Drone x3  
  62  7:47  Drone  
  66  7:57  Spire  
  63  8:00  Hatchery  
  62  8:10  Drone  
  62  8:12  Drone  
  64  8:18  Roach  
  64  8:19  Roach x3  
  72  8:20  Glial Reconstitution  
  72  8:38  Ravager x3  
  72  8:39  Ravager x4  
  79  8:42  Hatchery  
  78  8:58  Drone x4  
  78  9:00  Drone x4  
  86  9:07  Overlord x2  
  86  9:09  Zerg Flyer Weapons Level 1  
  85  9:25  Mutalisk x6  
  85  9:28  Overseer  
  85  9:29  Overlord  
  85  9:30  Zergling x2  
  85  9:31  Zergling x2  
  99  9:32  Extractor  
  99  9:33  Extractor  
  99  9:34  Queen  
  99  9:35  Drone x2  
  101  9:40  Burrow  
  101  9:45  Roach x3  
  107  9:52  Drone x2  
  109  9:53  Drone x2  
  111  10:12  Mutalisk x3  
  111  10:13  Mutalisk  
  119  10:16  Drone x2  
  119  10:20  Queen  
  121  10:24  Roach x3  
  127  10:37  Tunneling Claws  
  127  10:43  Infestation Pit  
  127  10:47  Evolution Chamber  
  127  10:48  Evolution Chamber, Mutalisk  
  127  10:49  Overlord x2  
  126  10:50  Overlord x8  
  126  10:51  Overlord x3  
  126  11:07  Queen  
  128  11:15  Roach  
  128  11:16  Roach x11  
  152  11:19  Overseer  
  152  11:20  Overlord  
  152  11:21  Mutalisk x3  
  116  12:09  Mutalisk  
  116  12:10  Mutalisk x7  
  122  12:31  Drone  
  122  12:32  Drone x8  
  122  12:36  Zerg Missile Weapons Level 1, Zerg Ground Armor Level 1  
  124  12:47  Extractor  
  124  12:48  Drone x3  
  125  12:55  Queen  
  125  12:58  Ravager x3  
  130  12:59  Roach x4  
  130  13:04  Overlord  
  130  13:05  Overlord  
  138  13:12  Zerg Flyer Armor Level 1  
  138  13:14  Drone x4  
  138  13:18  Drone x4  
  138  13:19  Drone x3  
  149  13:37  Corruptor x3  
  155  13:50  Corruptor x2  
  153  14:10  Corruptor x3  
  159  14:18  Extractor  
  159  14:20  Extractor  
  159  14:21  Drone x3  
  159  14:22  Drone  
  161  14:26  Drone  
  161  14:29  Corruptor  
  161  14:30  Corruptor x2  
  168  14:32  Roach x2  
  168  14:33  Roach x2  
  168  14:34  Zergling x4  
  178  14:41  Hatchery  
  177  14:48  Roach x3  
  177  14:49  Roach x8  
  177  14:50  Hatchery, Zergling x2  
  178  15:14  Zergling x20  
  128  15:15  Zergling x2  
  104  15:29  Zergling x2  
  104  15:30  Zergling x10  
  97  15:41  Roach  
  97  15:42  Roach x5  
  97  15:59  Roach x5  
  99  16:16  Ravager x2  
  99  16:17  Ravager  
  99  16:18  Ravager  
  103  16:21  Roach  
  103  16:22  Roach x6  
  118  16:26  Ravager x4  
  108  16:55  Roach  
  108  16:56  Roach x10  
  108  16:58  Drone x2  
  108  16:59  Drone  
  133  17:21  Drone x2  
  133  17:22  Queen  
  137  17:23  Zerg Ground Armor Level 2, Zerg Missile Weapons Level 2  
  137  17:25  Mutalisk x3  
  143  17:45  Extractor  
  143  17:47  Extractor  
  143  17:49  Drone  
  142  17:54  Mutalisk x2  
  142  17:55  Mutalisk  
  148  18:00  Zergling x22  
  148  18:01  Hatchery  
  158  18:26  Drone  
  155  18:35  Mutalisk x5  
  158  18:44  Hatchery  
  158  18:48  Mutalisk x2  
  138  19:08  Roach x7  
  138  19:09  Roach x5  
  159  19:17  Ravager  
  159  19:20  Ravager  
  161  19:24  Queen  
  161  19:26  Drone x4  
  161  19:27  Drone x4  
  161  19:29  Queen  
  161  19:31  Drone x3  
  175  19:33  Drone x3  
  179  19:41  Ravager x3  
  179  19:43  Roach x2  
  186  20:21  Overseer  
  186  20:35  Mutalisk x5, Drone x19  
  185  20:36  Mutalisk  
  196  20:44  Drone x4  
  200  20:52  Hatchery  
  200  20:55  Extractor  
  200  20:56  Extractor  
  197  20:58  Drone x3  
  197  21:03  Zerg Flyer Weapons Level 2  
  200  21:07  Infestation Pit  
  199  21:19  Ravager  
  111  22:05  Roach x13  
  111  22:06  Roach x9  
  155  22:19  Corruptor  
  159  22:25  Extractor x2  
  60  22:52  Roach x7  
  60  22:53  Roach x3  
  60  22:55  Queen  
  67  23:00  Queen  
  67  23:01  Roach x2  
  67  23:02  Roach  
  75  23:06  Drone x3  
  75  23:11  Roach Warren  
  75  23:12  Roach x3  
  83  23:16  Ravager  
  72  23:46  Ravager x3  
  71  23:52  Drone  
  71  23:53  Drone x2  
  71  23:54  Zergling x14  
  71  23:55  Queen, Zergling x6  
  86  24:09  Zergling x6  
  85  24:20  Drone x3  
  85  24:21  Roach x6  
  85  24:22  Roach  
  95  24:44  Drone x4  
  74  24:56  Zergling x2  
  74  24:57  Zergling x26  
  81  25:14  Drone x3  
  84  25:25  Hatchery  
  84  25:27  Drone  
  84  25:31  Mutalisk x2  
  84  25:32  Mutalisk x5  
  98  25:38  Overseer  
  98  25:48  Roach x4  
  106  26:03  Hatchery  
  99  26:05  Mutalisk  
  101  26:11  Drone x3  
  101  26:12  Drone x4  
  100  26:34  Drone  
  100  26:35  Drone x8  
  103  26:43  Mutalisk x3  
  108  26:48  Drone x3  
  108  26:49  Drone  
  108  26:50  Drone x2  
  108  26:51  Drone x3  
  117  26:59  Spine Crawler  
  111  27:21  Spine Crawler x2  
  109  27:25  Drone x3  
  109  27:26  Drone  
  112  27:58  Drone x3  
  99  28:25  Drone x2  
  101  28:27  Corruptor  
  101  28:28  Corruptor x5  
  112  28:54  Corruptor x2  
  112  28:57  Zergling x6  
  112  28:58  Zergling x2  
  93  29:50  Roach x3  
  99  29:53  Roach x2  
  99  29:54  Roach  
  105  30:00  Lair  
  94  30:26  Roach x5  
  93  30:41  Roach  
  93  30:42  Roach  
  97  30:44  Ravager  
  97  30:45  Ravager  
  97  30:49  Roach x2  
  103  31:02  Roach x2  
  103  31:03  Roach  
  111  31:04  Roach  
  77  31:29  Roach x5  
  87  31:37  Overseer  
  82  31:56  Roach  
  82  31:57  Roach x2  
  84  32:05  Spawning Pool  
  35  32:34  Roach  
  35  32:40  Drone x2  
  26  33:06  Drone x2, Spore Crawler  
  27  33:24  Drone x2  
Tags
 
Add a new tag
Caveats
  • Supply blocks, unpowered buildings, or Contaminate may cause inaccurate times.
  • Supply counts are checked every 10 seconds.